AoeStats
← 17525

Arabia

507914306Analyzed
1v1 RM · 13d ago on Sep 20, 2026· 61m 34s· 2 players
Game mode
Random Map
Map size
Tiny (2 player)
Population
200
Speed
Normal
Resources
Standard
Victory
Conquest
Starting age
Dark Age
Ending age
Imperial Age
RankedLock teamsTeams togetherTeam positionsShared explorationLock speedFull tech treeHidden civsTurbo modeCheats
Victory
Defeat
🇹🇼 Huns · Taiwan
330
+13
🇦🇷 Chinese · Argentina
257
-13
Who Shot Ya?
12:17 Feudal Age
13:33 Wheelbarrow
12:45 Double-Bit Axe
12:49 Horse Collar
17:20 Man-at-Arms
27:05 Castle Age
27:08 Long Swordsman
27:56 Squires
28:14 Bow Saw
28:21 Hand Cart
28:59 Husbandry
30:24 Heavy Plow
35:22 Masonry
38:52 Murder Holes
42:02 Fervor
42:02 Scale Mail Armor
43:58 Chain Mail Armor
43:43 Arson
45:05 Scale Barding Armor
46:47 Fortified Wall
47:00 Chain Barding Armor
53:29 Imperial Age
17525
12:09 Feudal Age
10:25 Loom
13:35 Horse Collar
15:38 Double-Bit Axe
16:07 Gold Mining
24:18 Castle Age
22:44 Bloodlines
22:57 Padded Archer Armor
24:32 Stone Mining
26:11 Thumb Ring
26:30 Fletching
29:41 Bow Saw
29:34 Heavy Plow
30:04 Leather Archer Armor
32:43 Bodkin Arrow
33:44 Forging
34:42 Pikeman
43:29 Imperial Age
41:53 Squires
41:43 Town Watch
43:19 Ballistics
43:39 Iron Casting
43:08 Husbandry
44:43 Light Cavalry
47:08 Parthian Tactics
46:56 Bracer
49:48 Halberdier
51:48 Wheelbarrow
53:23 Heavy Cavalry Archer
55:10 Blast Furnace
Connection lost

Rejoining the realm…

Still unreachable

The connection could not be restored.

Session expired

The server has moved on; the page needs a fresh start.